Workbook
Name Add_Info: '00'!$F$17
Name CompEmail: Controls!$C$10
Name CompEmailURL: Controls!$C$11
Name CompFlag: Controls!$C$8
Name CompName: Controls!$C$7
Name CompNum: Controls!$C$6
Name CompURL: Controls!$C$9
Name ExternalData_1: '01-02'!$O$7:$S$15
Name Lang: Controls!$C$5
Name LangNum: Controls!$C$4
Name Resp_01_01: '01-01'!$M:$AE
Name Resp_01_02: '01-02'!$M:$AE
Name Resp_02_01: '02'!$N:$AF
Name Resp_03_01: '03'!$L$16
Name Resp_03_02: '03'!$L$17
Name Resp_03_03: '03'!$L$18
Name Resp_03_04: '03'!$L$19
Name Resp_03_05: '03'!$L$20
Name Resp_03_99: '03'!$O:$AG
Name RndNum: Controls!$C$12
Name Slicer_Competition_Name: #N/A
Name Slicer_Select_Message: #N/A
Name Valid_Selection: Controls!$L$3

Sheet Control Pivots
A4: Language # | B4: Language | C4: Select Message | M4: Competition # | N4: Competition Name | O4: Competition Flag | P4: Competition Web URL | Q4: Competition Email
A5: 6 | B5: Finnish | C5: Valitse suomi klikkaamalla tästä | M5: 6 | N5: #ExcelChampFI | O5: FI | P5: http://aka.ms/ExcelChampFI | Q5: ExcelChampFI@service.microsoft.com

Sheet Controls
L2: Valid Selection | M2: Drop Down Options
B3: Selections | L3: =NOT(ISERROR(MATCH('00'!$F$17,Selection_00[Drop Down Options],0))) -> FALSE | M3: Etelä-Suomi (South)
B4: Language # | C4: =MIN('Control Pivots'!$A$1:$A$100) -> 6 | M4: Keski-Suomi (Central)
B5: Language | C5: =INDEX(Lang_Select[Language],MATCH($C$4,Lang_Select[Language '#],0)) -> Finnish | M5: Pohjois-Suomi (North)
B6: Competition # | C6: =MIN('Control Pivots'!$M$1:$M$100) -> 6
B7: Competition Name | C7: =INDEX(Comp_Select[Competition Name],MATCH($C$6,Comp_Select[Competition '#],0)) -> #ExcelChampFI
B8: Competition Flag | C8: =INDEX(Comp_Select[Competition Flag],MATCH($C$6,Comp_Select[Competition '#],0)) -> FI
B9: Competition URL | C9: =INDEX(Comp_Select[Competition Web URL],MATCH($C$6,Comp_Select[Competition '#],0)) -> http://aka.ms/ExcelChampFI
B10: Competition Email | C10: =INDEX(Comp_Select[Competition Email],MATCH($C$6,Comp_Select[Competition '#],0)) -> ExcelChampFI@service.microsoft.com
B11: Competition Email URL | C11: ="mailto:"&C10 -> mailto:ExcelChampFI@service.microsoft.com
B12: Round Number | C12: 2
B15: Language # | C15: Language | D15: Select Message
B16: 1 | C16: English | D16: Click here for English
B17: 6 | C17: Finnish | D17: Valitse suomi klikkaamalla tästä
B19: Competition # | C19: Competition Name | D19: Competition Flag | E19: Competition Web URL | F19: Competition Email | G19: Competition Thread ID
B20: 1 | C20: #ExcelChampINTL | D20: INTL | E20: http://aka.ms/ExcelChampINTL | F20: ExcelChampINTL@service.microsoft.com | G20: 12696
B21: 2 | C21: #ExcelChampBE | D21: BE | E21: http://aka.ms/ExcelChampBE | F21: ExcelChampBE@service.microsoft.com | G21: 12730
B22: 3 | C22: #ExcelChampCA | D22: CA | E22: http://aka.ms/ExcelChampCA | F22: ExcelChampCA@service.microsoft.com | G22: 12725
B23: 4 | C23: #ExcelChampCN | D23: CN | E23: http://aka.ms/ExcelChampCN | F23: ExcelChampCN@service.microsoft.com | G23: 12731
B24: 5 | C24: #ExcelChampDK | D24: DK | E24: http://aka.ms/ExcelChampDK | F24: ExcelChampDK@service.microsoft.com | G24: 12962
B25: 6 | C25: #ExcelChampFI | D25: FI | E25: http://aka.ms/ExcelChampFI | F25: ExcelChampFI@service.microsoft.com | G25: 12940
B26: 7 | C26: #ExcelChampJP | D26: JP | E26: http://aka.ms/ExcelChampJP | F26: ExcelChampJP@service.microsoft.com | G26: 12829
B27: 8 | C27: #ExcelChampMY | D27: MY | E27: http://aka.ms/ExcelChampMY | F27: ExcelChampMY@service.microsoft.com | G27: 12917
B28: 9 | C28: #ExcelChampMX | D28: MX | E28: http://aka.ms/ExcelChampMX | F28: ExcelChampMX@service.microsoft.com | G28: 12793
B29: 10 | C29: #ExcelChampPH | D29: PH | E29: http://aka.ms/ExcelChampPH | F29: ExcelChampPH@service.microsoft.com | G29: 12780
B30: 11 | C30: #ExcelChampSA | D30: SA | E30: http://aka.ms/ExcelChampSA | F30: ExcelChampSA@service.microsoft.com | G30: 12882
B31: 12 | C31: #ExcelChampSE | D31: SE | E31: http://aka.ms/ExcelChampSE | F31: ExcelChampSE@service.microsoft.com | G31: 12728
B32: 13 | C32: #ExcelChampTR | D32: TR | E32: http://aka.ms/ExcelChampTR | F32: ExcelChampTR@service.microsoft.com | G32: 12800
B33: 14 | C33: #ExcelChampXLPM | D33: XLPM | F33: ExcelChampXLPM@service.microsoft.com
B34: 15 | C34: #ExcelWorldChamp | D34: WC | E34: http://aka.ms/ExcelWorldChamp | F34: ExcelWorldChamp@service.microsoft.com | G34: 12797
B40: Message ID | C40: Selected Language
B41: 0.0.01 | C41: =OFFSET(Txt_All_Lang[[#Headers],[Message_ID]],MATCH(Txt_Sel_Lang[[#This Row],[Message ID]],Txt_All_Lang[Message_ID],0),MATCH(Lang,Txt_All_Lang[#Headers],0)-1) -> Tervetuloa Puolivälieräkierrokselle
B42: 0.0.02 | C42: =OFFSET(Txt_All_Lang[[#Headers],[Message_ID]],MATCH(Txt_Sel_Lang[[#This Row],[Message ID]],Txt_All_Lang[Message_ID],0),MATCH(Lang,Txt_All_Lang[#Headers],0)-1) -> Tämä työkirja sisältää kolme lajia:
B43: 0.0.03 | C43: =OFFSET(Txt_All_Lang[[#Headers],[Message_ID]],MATCH(Txt_Sel_Lang[[#This Row],[Message ID]],Txt_All_Lang[Message_ID],0),MATCH(Lang,Txt_All_Lang[#Headers],0)-1) -> Laji 1: Datanmurskausviesti
B44: 0.0.04 | C44: =OFFSET(Txt_All_Lang[[#Headers],[Message_ID]],MATCH(Txt_Sel_Lang[[#This Row],[Message ID]],Txt_All_Lang[Message_ID],0),MATCH(Lang,Txt_All_Lang[#Headers],0)-1) -> Laji 2: Rytminen kaaviovoimistelu
B45: 0.0.05 | C45: =OFFSET(Txt_All_Lang[[#Headers],[Message_ID]],MATCH(Txt_Sel_Lang[[#This Row],[Message ID]],Txt_All_Lang[Message_ID],0),MATCH(Lang,Txt_All_Lang[#Headers],0)-1) -> Laji 3: Kaavapaini
B46: 0.0.06 | C46: =OFFSET(Txt_All_Lang[[#Headers],[Message_ID]],MATCH(Txt_Sel_Lang[[#This Row],[Message ID]],Txt_All_Lang[Message_ID],0),MATCH(Lang,Txt_All_Lang[#Headers],0)-1) -> Näin osallistut kisaan:
B47: 0.0.07 | C47: =OFFSET(Txt_All_Lang[[#Headers],[Message_ID]],MATCH(Txt_Sel_Lang[[#This Row],[Message ID]],Txt_All_Lang[Message_ID],0),MATCH(Lang,Txt_All_Lang[#Headers],0)-1) -> Osallistu eri lajeihin vastaamalla annettuihin tehtäviin mahdollisimman täydellisesti taitojesi mukaan. Sinun ei ole pakko vastata kaikkiin tehtäviin.
B48: 0.0.08 | C48: =OFFSET(Txt_All_Lang[[#Headers],[Message_ID]],MATCH(Txt_Sel_Lang[[#This Row],[Message ID]],Txt_All_Lang[Message_ID],0),MATCH(Lang,Txt_All_Lang[#Headers],0)-1) -> Tallenna työkirjasi ".xlsx"-päätteisenä Excel-tiedostona.
B49: 0.0.09 | C49: =OFFSET(Txt_All_Lang[[#Headers],[Message_ID]],MATCH(Txt_Sel_Lang[[#This Row],[Message ID]],Txt_All_Lang[Message_ID],0),MATCH(Lang,Txt_All_Lang[#Headers],0)-1) -> Lähetä vastaukset sisältävä työkirjasi sähköpostin liitteenä osoitteeseen <CompEmail>
B50: 0.0.10 | C50: =OFFSET(Txt_All_Lang[[#Headers],[Message_ID]],MATCH(Txt_Sel_Lang[[#This Row],[Message ID]],Txt_All_Lang[Message_ID],0),MATCH(Lang,Txt_All_Lang[#Headers],0)-1) -> Huomaa! Varmista, että lähetät sähköpostin varmasti samasta osoitteesta, josta kirjaudut Excel-yhteisösivustolle ja jota olet käyttänyt mm. tykkäämiseen yhteisösivustolla.
B51: 0.0.11 | C51: =OFFSET(Txt_All_Lang[[#Headers],[Message_ID]],MATCH(Txt_Sel_Lang[[#This Row],[Message ID]],Txt_All_Lang[Message_ID],0),MATCH(Lang,Txt_All_Lang[#Headers],0)-1) -> Julkaise Rytmisen kaavavoimistelun vastauksesi kuva sivulla <CompURL>
B52: 0.0.12 | C52: =OFFSET(Txt_All_Lang[[#Headers],[Message_ID]],MATCH(Txt_Sel_Lang[[#This Row],[Message ID]],Txt_All_Lang[Message_ID],0),MATCH(Lang,Txt_All_Lang[#Headers],0)-1) -> Jokainen vastausajan sisällä saamasi tykkäys ("Like") yhteisösivustolla tuo sinulle lisäpisteitä lajin 2 ohjeiden mukaisesti.
... B141: 3.1.11 | C141: =OFFSET(Txt_All_Lang[[#Headers],[Message_ID]],MATCH(Txt_Sel_Lang[[#This Row],[Message ID]],Txt_All_Lang[Message_ID],0),MATCH(Lang,Txt_All_Lang[#Headers],0)-1) -> Taulukko 3 kertoo jokaisen tuomarin edustaman maan
B142: =Txt_All_Lang[[#This Row],[Message_ID]] -> #VALUE! | C142: =OFFSET(Txt_All_Lang[[#Headers],[Message_ID]],MATCH(Txt_Sel_Lang[[#This Row],[Message ID]],Txt_All_Lang[Message_ID],0),MATCH(Lang,Txt_All_Lang[#Headers],0)-1) -> #VALUE!
B143: =Txt_All_Lang[[#This Row],[Message_ID]] -> #VALUE! | C143: =OFFSET(Txt_All_Lang[[#Headers],[Message_ID]],MATCH(Txt_Sel_Lang[[#This Row],[Message ID]],Txt_All_Lang[Message_ID],0),MATCH(Lang,Txt_All_Lang[#Headers],0)-1) -> #VALUE!
B144: 3.1.12 | C144: =OFFSET(Txt_All_Lang[[#Headers],[Message_ID]],MATCH(Txt_Sel_Lang[[#This Row],[Message ID]],Txt_All_Lang[Message_ID],0),MATCH(Lang,Txt_All_Lang[#Headers],0)-1) -> Kysymykset
B145: 3.1.13 | C145: =OFFSET(Txt_All_Lang[[#Headers],[Message_ID]],MATCH(Txt_Sel_Lang[[#This Row],[Message ID]],Txt_All_Lang[Message_ID],0),MATCH(Lang,Txt_All_Lang[#Headers],0)-1) -> Vastaus
B146: 3.1.14 | C146: =OFFSET(Txt_All_Lang[[#Headers],[Message_ID]],MATCH(Txt_Sel_Lang[[#This Row],[Message ID]],Txt_All_Lang[Message_ID],0),MATCH(Lang,Txt_All_Lang[#Headers],0)-1) -> Kenellä voimistelijoista on kolmanneksi (3.) korkein pistemäärä? (Anna vastauksena ainoastaan urheilijan numero)
B147: 3.1.15 | C147: =OFFSET(Txt_All_Lang[[#Headers],[Message_ID]],MATCH(Txt_Sel_Lang[[#This Row],[Message ID]],Txt_All_Lang[Message_ID],0),MATCH(Lang,Txt_All_Lang[#Headers],0)-1) -> Mikä on neljänneksi (4.) parhaan voimistelijan edustama maa ja numero? (Anna tulos muodossa Maa-Urheilijan numero)
B148: 3.1.16 | C148: =OFFSET(Txt_All_Lang[[#Headers],[Message_ID]],MATCH(Txt_Sel_Lang[[#This Row],[Message ID]],Txt_All_Lang[Message_ID],0),MATCH(Lang,Txt_All_Lang[#Headers],0)-1) -> Kuka tuomareista antoi matalimpia pisteitä voimistelijoille? (Anna vastauksena ainoastaan tuomarin numero)
B149: 3.1.17 | C149: =OFFSET(Txt_All_Lang[[#Headers],[Message_ID]],MATCH(Txt_Sel_Lang[[#This Row],[Message ID]],Txt_All_Lang[Message_ID],0),MATCH(Lang,Txt_All_Lang[#Headers],0)-1) -> Minkä tuomarin antamat pisteet hylättiin useimmin? (Anna vastauksena ainoastaan tuomarin numero)
B150: 3.1.18 | C150: =OFFSET(Txt_All_Lang[[#Headers],[Message_ID]],MATCH(Txt_Sel_Lang[[#This Row],[Message ID]],Txt_All_Lang[Message_ID],0),MATCH(Lang,Txt_All_Lang[#Headers],0)-1) -> Niissä tapauksissa, joissa urheilijalla ja tuomarilla oli sama maa, kuinka monta kertaa tuomarin antamat pisteet putosivat pois arvostelusta?
B151: 3.1.19 | C151: =OFFSET(Txt_All_Lang[[#Headers],[Message_ID]],MATCH(Txt_Sel_Lang[[#This Row],[Message ID]],Txt_All_Lang[Message_ID],0),MATCH(Lang,Txt_All_Lang[#Headers],0)-1) -> Taulukko 1
B152: 3.1.20 | C152: =OFFSET(Txt_All_Lang[[#Headers],[Message_ID]],MATCH(Txt_Sel_Lang[[#This Row],[Message ID]],Txt_All_Lang[Message_ID],0),MATCH(Lang,Txt_All_Lang[#Headers],0)-1) -> Urheilijan numero
B153: 3.1.21 | C153: =OFFSET(Txt_All_Lang[[#Headers],[Message_ID]],MATCH(Txt_Sel_Lang[[#This Row],[Message ID]],Txt_All_Lang[Message_ID],0),MATCH(Lang,Txt_All_Lang[#Headers],0)-1) -> Tuomarin numero
B154: 3.1.22 | C154: =OFFSET(Txt_All_Lang[[#Headers],[Message_ID]],MATCH(Txt_Sel_Lang[[#This Row],[Message ID]],Txt_All_Lang[Message_ID],0),MATCH(Lang,Txt_All_Lang[#Headers],0)-1) -> Taulukko 2
B155: 3.1.23 | C155: =OFFSET(Txt_All_Lang[[#Headers],[Message_ID]],MATCH(Txt_Sel_Lang[[#This Row],[Message ID]],Txt_All_Lang[Message_ID],0),MATCH(Lang,Txt_All_Lang[#Headers],0)-1) -> Maa
... B179: 4.1.18 | C179: =OFFSET(Txt_All_Lang[[#Headers],[Message_ID]],MATCH(Txt_Sel_Lang[[#This Row],[Message ID]],Txt_All_Lang[Message_ID],0),MATCH(Lang,Txt_All_Lang[#Headers],0)-1) -> Siinä kaikki! Kuvasi on nyt julkaistu yhteisöpalveluun.
B184: Message_ID | C184: English | D184: Spanish | E184: French | F184: Dutch | G184: Danish | H184: Finnish | I184: Japanese | J184: Chinese
B185: 0.0.01 | C185: Welcome to Round 2! | D185: Bienvenida a la segunda Ronda! | E185: Bienvenue au 2e tour! | F185: Welkom in Ronde 2! | G185: Velkommen til 2. runde! | H185: Tervetuloa Puolivälieräkierrokselle | I185: 第 2 ラウンドへようこそ! | J185: 欢迎参加第 2 轮测试
B186: 0.0.02 | C186: This workbook includes three challenges: | D186: Este libro incluye tres retos: | E186: Ce classeur comprend trois défis: | F186: Deze werkmap bevat drie uitdagingen: | G186: Denne fil indenholder 3 udfordringer: | H186: Tämä työkirja sisältää kolme lajia: | I186: このワークブックには、以下の 3 つの課題が掲載されています。 | J186: 本工作簿包括三个挑战题：
B187: 0.0.03 | C187: Challenge 1: Data Relays | D187: Reto 1: Datos de Relevos | E187: Défi 1: Relais de données | F187: Uitdaging 1: Data-estafette | G187: Udfordring 1: 100 Meter regneark | H187: Laji 1: Datanmurskausviesti | I187: 課題 1: データ リレー | J187: 挑战题 1：数据传达
B188: 0.0.04 | C188: Challenge 2: Chart Gymnastics | D188: Reto 2: Gimnasia de datos | E188: Défi 2: Gymnastique de graphiques | F188: Uitdaging 2: Grafiekgymnastiek | G188: Udfordring 2: Graf ballet | H188: Laji 2: Rytminen kaaviovoimistelu | I188: 課題 2: グラフ体操 | J188: 挑战题 2：图表技巧
B189: 0.0.05 | C189: Challenge 3: Formula Wrestling | D189: Reto 3: Lucha de Fórmulas | E189: Défi 3: Lutte de formules | F189: Uitdaging 3: Formuleworstelen | G189: Udfordring 3: Formel Brydning | H189: Laji 3: Kaavapaini | I189: 課題 3: 関数レスリング | J189: 挑战题 3：公式运用
B190: 0.0.06 | C190: To enter the competition: | D190: Para ingresar a la competencia | E190: Pour participer à la compétition: | F190: Om mee te doen aan de wedstrijd: | G190: For at deltage: | H190: Näin osallistut kisaan: | I190: 参加方法: | J190: 如要参加比赛：
B191: 0.0.07 | C191: Complete the challenges to the best of your ability. You do not have to answer every question | D191: Completa los retos a la medida de tus capacidades. No tienes que contestar todas las preguntas | E191: Relevez les défis du mieux que vous pouvez. Vous ne devez pas répondre à toutes les questions. | F191: Los elke uitdaging zo goed mogelijk op. Je moet niet elke vraag beantwoorden. | G191: Gennemfør alle tre udfordringer så godt du kan. Du behøver ikke svare på alle spørgsmål. | H191: Osallistu eri lajeihin vastaamalla annettuihin tehtäviin mahdollisimman täydellisesti taitojesi mukaan. Sinun ei ole pakko vastata kaikkiin tehtäviin. | I191: あなたの能力を最大限に発揮して、課題を完了させてください。すべての質問に解答する必要はありません。 | J191: 尽最大努力完成挑战题。 您不必每个问题都回答
B192: 0.0.08 | C192: Save your completed workbook as an ".xlsx" file | D192: Guardar el libro completo como un archivo ".xlsx" | E192: Sauvez votre classeur en fichier ".xlsx" | F192: Sla je werkmap op als een ".xlsx" bestand | G192: Gem dine samlede svar som en ".xlsx" fil | H192: Tallenna työkirjasi ".xlsx"-päätteisenä Excel-tiedostona. | I192: 完成したワークブックをファイル形式 ".xlsx" で保存します。 | J192: 将完成的工作簿另存为“.xlsx”文件
B193: 0.0.09 | C193: Send your workbook as an attachment to <CompEmail> | D193: Enviar el libro como un archivo adjunto a <CompEmail> | E193: Envoyez votre classeur en pièce jointe à <CompEmail> | F193: Verzend je werkmap als bijlage naar <CompEmail> | G193: Send dine samlede svar til <CompEmail> | H193: Lähetä vastaukset sisältävä työkirjasi sähköpostin liitteenä osoitteeseen <CompEmail> | I193: ワークブックをメールに添付して <CompEmail> | J193: 将您的工作簿作为附件发送到 ExcelChampCN@service.microsoft.com，邮件标题请注明：Excel世界冠军杯大赛+报名昵称
B194: 0.0.10 | C194: Be sure to send your submission from the same email address you use for your sign-up and posting activity in the Excel community | D194: Asegúrate de enviar tu solicitud desde la misma dirección de correo electrónico que uilizó durante el registro a esta competencia y para hacer cualquier Post dentro de la comunidad de Excel de la competencia. | E194: Veuillez envoyer votre e-mail depuis la même adresse e-mail que celle que vous utilisez pour vous connecter à la Communeauté Excel. | F194: Zorg ervoor dat je je inzending verstuurt met hetzelfde e-mailadres als je login en je invulactiviteit in het Excel-document. | G194: Det er VIGTIGT at du sender dine svar fra den samme mail som du brugte til at registrere dig med i Excel forummet. | H194: Huomaa! Varmista, että lähetät sähköpostin varmasti samasta osoitteesta, josta kirjaudut Excel-yhteisösivustolle ja jota olet käyttänyt mm. tykkäämiseen yhteisösivustolla. | I194: 宛てに送信します。必ず、本大会への登録と Excel コミュニティでの投稿と同じメールアドレスからファイルを送信してください。
B195: 0.0.11 | C195: Post an image of your Chart Gymnastics answer to <CompURL> | D195: Post una imagen de tu Gráfica del Reto 2: Gimnasia de datos como respuesta a <CompURL> | E195: Postez une image de votre réponse au défi Gymnastique de graphiques sur <CompURL> | F195: Plaats een afbeelding van je Grafiekgymnastiek-antwoord op <CompURL> | G195: Del et billede af din graf ballet som svar til <CompURL> | H195: Julkaise Rytmisen kaavavoimistelun vastauksesi kuva sivulla <CompURL> | I195: グラフ体操の解答の画像を <CompURL>
B196: 0.0.12 | C196: Getting "Likes" in the community during the testing period will increase your score for Challenge 2. | D196: Obtener "Likes" en la comunidad durante el periodo de prueba podrá incrementar tu puntuación del reto 2. | E196: Au plus vous recevrez des "Likes" de la communeauté pendant la période d'essai, au plus cela augmentera votre score pour le second défi | F196: Als je in deze community likes behaalt tijdens de testperiode, gaat je score van Uitdaging 2 omhoog. | G196: Jo flere "Likes" du får i Excel forummet i konkurrence perioden, jo større bliver din chance for at øge din score til runde 2. | H196: Jokainen vastausajan sisällä saamasi tykkäys ("Like") yhteisösivustolla tuo sinulle lisäpisteitä lajin 2 ohjeiden mukaisesti. | I196: に投稿してください。競技期間中にコミュニティで「いいね!」されることにより、課題 2 のスコアがアップします。
B197: 0.0.13 | C197: Select your Region | H197: Mihin Excel-heimoon kuulut? Valitse vapaasti, mitä aluetta haluat edustaa kisoissa:
B198: 0.0.14 | C198: Good luck! | D198: Buena Suerte! | E198: Bonne chance! | F198: Veel succes! | G198: Held og lykke! | H198: Onnea kisaan! | I198: ご健闘を祈ります! | J198: 祝您好运！
B199: 0.0.15 | C199: Get Started >> | D199: Iniciar la Prueba >> | E199: Commencez >> | F199: Start >> | G199: Kom i gang >> | H199: Aloita kisa >> | I199: 開始する >> | J199: 开始 >>
B200: 0.0.16 | C200: Next >> | D200: Continuar >> | E200: Suivant >> | F200: Volgende >> | G200: Næste.. | H200: Seuraava >> | I200: 次へ >> | J200: 接下来的问题 >>
B201: 0.0.17 | C201: Response Section | D201: Sección de respuestas | E201: Section réponse | F201: Antwoordveld | G201: Svar sektion | H201: Vastausosio | I201: 解答欄 | J201: 回答节
B202: 0.0.18 | C202: All responses should appears between these columns. Insert or resize columns if you need additional space. | D202: Todas las respuestas deben aparece entre estas columnas. Insertar o cambiar el tamaño de columnas si necesita espacio adicional | E202: Toutes les réponses doivent apparaître dans ces colonnes. Insérez ou redimensionnez des colonnes si vous avez besoin de plus d'espace. | F202: Alle antwoorden moeten tussen deze kolommen staan. Voeg kolommen toe, of verander ze van grootte als je meer plaats nodig hebt. | G202: Alle svar skal vises mellem disse kolonner. Indsætte eller ændre størrelsen på kolonner, hvis du har brug for ekstra plads | H202: Kaikkien vastausten pitää olla näiden sarakkeiden välissä. Lisää väliin sarakkeita tai muuta niiden kokoa, jos tarvitset lisää tilaa. | I202: この列の範囲内に解答が表示されるようにしてください。スペースが足りなければ、必要に応じて列の挿入やリサイズを行ってください。 | J202: 所有回答内容应显示在这些列之间。如果您需要更多空间，请插入或调整列大小
B203: 0.0.19 | C203: Working Space | D203: Espacio para trabajar | E203: Espace de travail | F203: Werkruimte | G203: Arbejdsrum | H203: Työtila | I203: 作業スペース | J203: 工作空间
B204: 0.0.20 | C204: Use this space to make additional calculations. Insert or resize columns if you need additional space | D204: Use this space to make additional calculations. Insert or resize columns if you need additional space | E204: Utilisez cet espace de travail pour faire des calculs. Insérez ou redimensionnez des colonnes si vous avez besoin de plus d'espace. | F204: Gebruik deze ruimte voor extra berekeningen. Voeg kolommen toe, of verander ze van grootte als je extra plaats nodig hebt. | G204: Brug denne plads til at lave yderligere beregninger. Indsætte eller ændre størrelsen på kolonner, hvis du har brug for ekstra plads | H204: Käytä tätä tilaa mahdollisiin lisälaskelmiin. Lisää väliin sarakkeita tai muuta niiden kokoa, jos tarvitset lisää tilaa. | I204: 計算用にお使いください。スペースが足りなければ、必要に応じて列の挿入やリサイズを行ってください。 | J204: 使用此空间执行额外的计算。如果您需要更多空间，请插入或调整列大小
B205: 1.1.01 | C205: Data Relays - Part 1 | D205: Relevo de datos - Parte 1 | E205: Relais de données - 1ère partie | F205: Data-estafette - Deel 1 | G205: Data stafet - Del 1 | H205: Datanmurskausviesti - Osa 1 | I205: データ リレー 第 1 問 | J205: 数据传达 - 第 1 部分
B206: 1.1.02 | C206: Below is a table about performances in the Athletics 4 x 400M Relay Race | D206: Abajo podrán encontrar una tabla sobre el redimiento de los atletas en la carrera de relevos 4 x 400M | E206: Voici ci-dessous une table des performances lors d'une course relais d'athlètes de 4 x 400M | F206: Hieronder de tabel met de prestaties in 4 x 400 m | G206: Nedenfor findes en tabel der viser præstationer i atletikkens 4x400M stafetløb | H206: Alla oleva taulukko sisältää tietoa 4x400 metrin viestin lopputuloksista. | I206: 以下の表は、陸上競技の 4 x 400M リレーの結果に関するものです。 | J206: 下面是运动员在田径 4 x 400 米接力赛中的成绩表
B207: 1.1.03 | C207: In the response section to the right, create 2 PivotTables from this data | D207: En la sección de respuestas a la derecha, cree dos Tablas dinámicas | E207: Dans la section réponse sur la droite, créez 2 tables pivot | F207: Maak 2 Pivot Tables in de antwoordsectie aan de rechterkant | G207: I svarsektionen til højre skal du lave 2 pivottabeller | H207: Luo oikealla olevaan vastausosioon kaksi (2) Pivot-taulukkoa | I207: 右の解答欄に新たに表を作成し、ピボットテーブルを 2 つ作成してください。 | J207: 在右侧的回答节中，创建 2 个数据透视表
B208: 1.1.04 | C208: In your first PivotTable: | D208: En la primera Tabla dinámica: | E208: Dans votre 1ère table pivot: | F208: In je eerste Pivot Table: | G208: I din første pivottabel: | H208: Ensimmäisessä Pivot-taulukossa listaa seuraavat asiat: | I208: 最初のピボットテーブル: | J208: 在第 1 个数据透视表中：
B209: 1.1.05 | C209: Display Round 2 results ONLY. List all countries that participated. | D209: Mostrar UNICAMENTE la Ronda 2. Lista de todos los países que participaron. | E209: Ne montrer QUE le 2nd tour. Etablissez une liste de tous les pays qui ont participé. | F209: Geef ENKEL ronde 2 weer. Lijst alle deelnemende landen op. | G209: Vis kun Runde 2. Lav en liste over alle lande der har deltaget. | H209: Näytä VAIN erän 2 tiedot. Listaa kaikki maat, jotka osallistuivat. | I209: 全参加国の一覧に、2 回戦の結果のみ表示してください。 | J209: 仅显示第 2 轮。列出所有参赛国。
... B227: 1.1.23 | C227: https://www.edx.org/course/introduction-data-analysis-using-excel-microsoft-dat205x-0 | D227: https://www.edx.org/course/introduction-data-analysis-using-excel-microsoft-dat205x-0 | E227: https://www.edx.org/course/introduction-data-analysis-using-excel-microsoft-dat205x-0 | F227: https://www.edx.org/course/introduction-data-analysis-using-excel-microsoft-dat205x-0 | G227: https://www.edx.org/course/introduction-data-analysis-using-excel-microsoft-dat205x-0 | H227: https://www.edx.org/course/introduction-data-analysis-using-excel-microsoft-dat205x-0 | I227: https://www.edx.org/course/introduction-data-analysis-using-excel-microsoft-dat205x-0 | J227: https://www.edx.org/course/introduction-data-analysis-using-excel-microsoft-dat205x-0
B228: 1.1.24
B229: 1.1.25
B230: 1.1.26
B231: 1.1.27
B232: 1.2.01 | C232: Data Relays - Part 2 | D232: Relevo de datos- Parte 2 | E232: Relais de données - 2ème partie | F232: Data-estafette - Deel 2 | G232: Data stafet - Del 2 | H232: Datanmurskausviesti - Osa 2 | I232: データ リレー 第 2 問 | J232: 数据传达 - 第 2 部分
B233: 1.2.02 | C233: Below is a table about athletes that competed in the Athletics 100M event | D233: Abajo está una tabla sobre los atletas que compitieron en atletismo 100 | E233: La table ci-dessous montre les athlètes qui ont participé à un événement d'athlétimes de 110M | F233: Hieronder de tabel met de prestaties in de 100 m | G233: Nedenfor findes en tabel der viser alle de atleter der har konkurreret i 100M løb | H233: Alla on taulukko urheilijoista, jotka osallistuivat 100 metrin pikajuoksuun. | I233: 以下の表は、陸上競技の 100 メートル走に出場した選手に関するものです。 | J233: 下面是参加田径 100 米短跑赛的运动员成绩表
B234: 1.2.03 | C234: Table 1 contains each athlete's performance in 3 rounds of races | D234: La tabla 1 contiene el funcionamiento de cada atetla en 3 rondas de carreras | E234: La table 1 contient les performances de chaque athlète en 3 tours de course | F234: Tabel 1 geeft de prestaties van de atleet weer, en dit van de 3 rondes. | G234: Tabel 1 indeholder hver atlets præstationer i 3 runder af løb | H234: Taulukko 1 sisältää jokaisen urheilijan tulokset kilpailun kolmessa erässä. | I234: 表 1 には、各選手の出場した 3 回のレース結果のタイムが入っています。 | J234: 表 1 包含每位运动员在 3 轮比赛中的成绩
B235: 1.2.04 | C235: Use the "Get & Transform" tools (Power Query) to create a refreshable query on this data | D235: Utilizar "Obtener & transformar" (PowerQuery) para crear un query actualizable. | E235: Utilisez l'outil "obtenir et transformer" (Power Query) pour créer une nouvelle manipulation | F235: Gebruik de "Ophalen en transformeren" functie (PowerQuery) om een vernieuwbare verbinding te maken. | G235: Brug "Hent & Transformer" værktøjerne (PowerQuery) til at lave en foresrpøgsel der kan opdateres | H235: Käytä "Hae ja muunna" -toimintoa (Power Query) luodaksesi päivitettävän kyselyn. | I235: 「取得と変換」ツール（Power Query）を使って、更新可能なクエリを作成してください。 | J235: 使用“获取和转换”工具 (PowerQuery) 创建可刷新的查询。
B236: 1.2.05 | C236: The query should produce a new table in the response section to the right that only contains information about the athletes that competed in Round 3 | D236: El query debe producir una nueva tabla en la sección de respuesta a la derecha que sólo contiene información sobre los atletas que compitieron en la ronda 3 | E236: Cette manipulation devrait engendrer une nouvelle table dans la section réponse sur la droite qui contient uniquement des informations sur les athlètes ayant participé au 3ème tour | F236: De verbindingen zullen een nieuwe tabel genereren in de antwoordsectie op de rechterzijde. Deze tabel zal enkel informatie bevatten over atleten die deelgenomen hebben in ronde 3. | G236: Forespørgslen skal lave en ny tabel i svarsektionen til højre, der kun viser de atleter som har konkurreret i runde 3 | H236: Kyselyn tulee luoda oikealla olevaan vastausosioon uusi taulukko, joka sisältää ainoastaan tietoa urheilijoista, jotka kilpailivat erässä kolme (3). | I236: クエリを使って、右の解答欄に新規テーブルを作成し、3 回戦に出場した選手の情報のみが表示されるようにしてください。 | J236: 该查询应在右侧回答节中生成一个新表，其中仅包含参加第 3 轮比赛的运动员的信息
B237: 1.2.06 | C237: For each athlete, list their name, country, and Result Time in ALL rounds of the competition in a single row | D237: Para cada atleta, la lista su nombre, país y tiempo de resultado en las rondas de la competencia en una sola fila | E237: Pour chaque athlète, établissez une liste de leur nom, pays et temps de résultat pour TOUS les tours de la compétition sous une seule colonne | F237: Lijst voor iedere atleet de volgende zaken in 1 lijn op: naam, land en resultaat/tijd in alle rondes. | G237: For hver atlet skal du liste deres navn, land og resultattid i alle runderne, i en enkelt række | H237: Listaa jokaisen urheilijan osalta yhdellä rivillä heidän nimi, maa ja JOKAISEN erän loppuaika. | I237: 各選手の氏名、国籍、出場した全レースのタイムを 1 行に表示してください。 | J237: 对于每位运动员，在一行中列出他们的姓名、国家和在该比赛的所有轮中的用时
B238: 1.2.07 | C238: Information in your table should appear EXACTLY as it is listed in the provided data tables | D238: Información en la tabla debe aparecer exactamente como se muestra en las tablas de datos | E238: Les informations de votre table doivent apparaître EXACTEMENT comme montré dans les tables de données fournies | F238: Alle info in je tabel dient exact overeen te komen met de info zoals vermeld in de meegegeven tabellen. | G238: Informationen i din tabel skal være fuldstændig ens med det der står i den givede data tabel. | H238: Kaiken tiedon taulukossasi tulee olla AIVAN SAMALLA tavalla kuin se on listattu annetuissa lähtötaulukoissa. | I238: 新たに作成した表の各データは、元の表のデータと全く同じでなくてはなりません。 | J238: 表中显示的信息应与提供的数据表中列出的信息完全一样
B239: 1.2.08 | C239: Athlete names should be sorted based on their performance in Round 3 (fastest Result Time listed first, slowest Result Time listed last) | D239: Nombres de atleta deben ordenarse en base a su desempeño en la ronda 3 (tiempo más rápido del resultado muestra en primer lugar, más lento tiempo de resultado aparece último) | E239: Les noms des athlètes doivent être triés basés sur leur performance au tour 3 (temps de résultat le plus rapide en premier, le plus lent en dernier) | F239: Namen van atleten worden gerangschikt volgens hun prestaties in ronde 3 (snelste tijd eerst, traagste tijd laatst) | G239: Atleternes navne skal være sorteret baseret på deres præstation i runde 3 (hurtigste resultattid først, langsomste resultattid til sidst) | H239: Urheilijoiden nimet tulee olla järjestetty erän kolme (3) tuloksen mukaan (nopein loppuaika ensin ja hitain loppuaika viimeisenä). | I239: 選手名を 3 回戦の結果で並べ替えてください。最も速かった人が最上段に、最も遅かった人が最下段となるようにしてください。 | J239: 运动员姓名应按他们在第 3 轮中的成绩排序（用时最短的排在最前，用时最长的排在最后）
B240: 1.2.09 | C240: If athletes have the same Result Time in Round 3, further sort athletes using Round 2 Result Time (fastest Result Time first) | D240: Si los atletas tienen el mismo tiempo de resultado en la ronda 3, clasificar más atletas usando tiempo de resultado 2 ronda (el resultado más rápido tiempo primero) | E240: Si des athlètes ont le même temps de résultat au 3ème tour, veuillez trier ces athlètes sur base de leur temps de résultat au 2nd tour (temps de résultat le plus rapide en premier) | F240: Indien atleten deze tijd behalen in ronde 3, rangschik vervolgens de atleten naargelang hun tijd in ronde 2 (snelste tijd eerst, traagste tijd laatst) | G240: Hvis atleterne har den samme resultattid i runde 3, da skal de sorteres efter deres resultattid i runde 2 (hurtigste resultattid først) | H240: Jos useammalla urheilijalla oli sama loppuaika erässä kolme (3), järjestä nämä urheilijat lisäksi erän kaksi (2) loppuaikojen mukaisessa järjestyksessä (nopein loppuaika ensin ja hitain loppuaika viimeisenä). | I240: 3 回戦のタイムが全く同じ選手がいた場合は、2 回戦の結果順に、最も速かった人が最上段となるように並び替えてください。 | J240: 如果运动员在第 3 轮中的用时相同，则按第 2 轮的用时进一步排序（用时最短的排在最前）
B241: 1.2.10 | C241: Data Source: | D241: Fuente de datos: | E241: Data Source: | F241: Databron: | G241: Datakilde: | H241: Tietolähde: | I241: 出典: | J241: 数据源：
...

Sheet 00
C1: `
B2: =CompName -> #ExcelChampFI | F2: =Controls!$C$41 -> Tervetuloa Puolivälieräkierrokselle
E3: =Controls!$C$42 -> Tämä työkirja sisältää kolme lajia:
F4: =Controls!$C$43 -> Laji 1: Datanmurskausviesti
F5: =Controls!$C$44 -> Laji 2: Rytminen kaaviovoimistelu
F6: =Controls!$C$45 -> Laji 3: Kaavapaini
E8: =Controls!$C$46 -> Näin osallistut kisaan:
E9: 1 | F9: =Controls!$C$47 -> Osallistu eri lajeihin vastaamalla annettuihin tehtäviin mahdollisimman täydellisesti taitojesi mukaan. Sinun ei ole pakko vastata kaikkiin tehtäviin.
E10: 2 | F10: =Controls!$C$48 -> Tallenna työkirjasi ".xlsx"-päätteisenä Excel-tiedostona.
E11: 3 | F11: =HYPERLINK(CompEmailURL,SUBSTITUTE(Controls!$C$49,"<CompEmail>",CompEmail)) -> Lähetä vastaukset sisältävä työkirjasi sähköpostin liitteenä osoitteeseen ExcelChampFI@service.microsoft.com
F12: =Controls!$C$50 -> Huomaa! Varmista, että lähetät sähköpostin varmasti samasta osoitteesta, josta kirjaudut Excel-yhteisösivustolle ja jota olet käyttänyt mm. tykkäämiseen yhteisösivustolla.
E13: 4 | F13: =HYPERLINK(CompURL,SUBSTITUTE(Controls!$C$51,"<CompURL>",CompURL)) -> Julkaise Rytmisen kaavavoimistelun vastauksesi kuva sivulla http://aka.ms/ExcelChampFI
F14: =Controls!$C$52 -> Jokainen vastausajan sisällä saamasi tykkäys ("Like") yhteisösivustolla tuo sinulle lisäpisteitä lajin 2 ohjeiden mukaisesti.
F16: =IF(Controls!$C$53=0,"",Controls!$C$53) -> Mihin Excel-heimoon kuulut? Valitse vapaasti, mitä aluetta haluat edustaa kisoissa:
F19: =Controls!$C$54 -> Onnea kisaan! | G19: =HYPERLINK(IF(Valid_Selection,"#"&CELL("address",'01-01'!$C$1),"#"&CELL("address",$F$17)),Controls!$C$55) -> Aloita kisa >>

Sheet 01-01
M1: >> | N1: =Controls!$C$57 -> Vastausosio | AE1: <<
D2: =Controls!$C$61 -> Datanmurskausviesti - Osa 1 | M2: >> | N2: =Controls!$C$58 -> Kaikkien vastausten pitää olla näiden sarakkeiden välissä. Lisää väliin sarakkeita tai muuta niiden kokoa, jos tarvitset lisää tilaa. | AE2: <<
D3: =Controls!$C$62 -> Alla oleva taulukko sisältää tietoa 4x400 metrin viestin lopputuloksista.
D5: =Controls!$C$63 -> Luo oikealla olevaan vastausosioon kaksi (2) Pivot-taulukkoa
D6: =Controls!$C$64 -> Ensimmäisessä Pivot-taulukossa listaa seuraavat asiat: | O6: Round Number | P6: 2 | W6: Row Labels | X6: Average of Result Time (s)
D7: =Controls!$C$65 -> Näytä VAIN erän 2 tiedot. Listaa kaikki maat, jotka osallistuivat. | W7: TTO | X7: 33.545
D8: =Controls!$C$66 -> Maat pitää järjestää kaikkien urheilijoiden loppuaikojen yhteenlasketun (summa) ajan perusteella (nopein aika ensin, hitain aika viimeisenä). | O8: Sum of Result Time (s) | P8: Column Labels | W8: USA | X8: 44.44125
D9: =Controls!$C$67 -> Jokaisella maalla pitää olla yksi rivi, joka näyttää loppuajan viestiosuuksilla 1,2,3 ja 4 sekä viestin yhteenlasketun loppuajan. | O9: Row Labels | P9: 1 | Q9: 2 | R9: 3 | S9: 4 | T9: Grand Total | W9: JAM | X9: 44.54625
D10: =Controls!$C$68 -> Listaa kolmen (3) parhaimman (nopeimman) maan urheilijoiden nimet. | O10: USA | P10: 45.3 | Q10: 43.2 | R10: 44.79 | S10: 43.97 | T10: 177.26 | W10: GBR | X10: 44.6925
D11: =Controls!$C$69 -> Urheilijoiden nimet pitää olla järjestetty henkilökohtaisen tuloksen perusteella suhteessa oman joukkueen muihin kilpailijoihin (nopein loppuaika ensin, hitain loppuaika viimeiseksi). | O11: McQUAY Tony | Q11: 43.2 | T11: 43.2 | W11: BEL | X11: 44.70375
D12: =Controls!$C$70 -> Muiden urheilijoiden nimiä ei saa näkyä Pivot-taulukossa. | O12: MERRITT Lashawn | S12: 43.97 | T12: 43.97 | W12: BAH | X12: 44.74
O13: ROBERTS Gil | R13: 44.79 | T13: 44.79 | W13: BOT | X13: 44.775
D14: =Controls!$C$71 -> Toisessa Pivot-taulukossa listaa seuraavat asiat: | O14: HALL Arman | P14: 45.3 | T14: 45.3 | W14: CUB | X14: 44.9425
D15: =Controls!$C$72 -> Listaa kaikki maat, jotka osallistuivat ja kunkin maan loppuaikojen keskiarvo kaikista eristä ja kaikista viestiosuuksista. | O15: JAM | P15: 45.5 | Q15: 44 | R15: 44.82 | S15: 43.78 | T15: 178.1 | W15: POL | X15: 44.98375
D16: =Controls!$C$73 -> Maat tulee listata loppuaikojen keskiarvon mukaisessa järjestyksessä (nopein aika ensin, hitain aika viimeiseksi). | O16: FRANCIS Javon | S16: 43.78 | T16: 43.78 | W16: FRA | X16: 45.1925
O17: ALLEN Nathon | Q17: 44 | T17: 44 | W17: DOM | X17: 45.4075
D18: =Controls!$C$74&" "&Controls!$C$75 -> Tietolähde: https://smsprio2016-a.akamaihd.net/_sport/R/i/Rio_2016_Athletics_Results_Book_V1.0.pdf | O18: DUNKLEY Fitzroy | R18: 44.82 | T18: 44.82 | W18: BRA | X18: 45.4325
O19: MATTHEWS Peter | P19: 45.5 | T19: 45.5 | W19: COL | X19: 45.4525
D20: =Controls!$C$76 -> Taulukko 1: Kaikkien erien tulokset | O20: BAH | P20: 45.3 | Q20: 45.1 | R20: 43.79 | S20: 44.2 | T20: 178.39 | W20: IND | X20: 45.5525
D21: =Controls!$C$77 -> Erän numero | E21: =Controls!$C$78 -> Maa | F21: =Controls!$C$79 -> Urheilijan nimi | G21: =Controls!$C$80 -> Viestiosuus | H21: =Controls!$C$81 -> Loppuaika (s) | O21: GARDINER Steven | R21: 43.79 | T21: 43.79 | W21: VEN | X21: 45.6375
D22: Round Number | E22: Country | F22: Athlete Name | G22: Race Position | H22: Result Time (s) | O22: BROWN Chris | S22: 44.2 | T22: 44.2 | W22: JPN | X22: 45.715
D23: 2 | E23: USA | F23: HALL Arman | G23: 1 | H23: 45.3 | O23: MATHIEU Michael | Q23: 45.1 | T23: 45.1 | W23: Grand Total | X23: 44.513542
D24: 2 | E24: USA | F24: McQUAY Tony | G24: 2 | H24: 43.2 | O24: RUSSELL Alonzo | P24: 45.3 | T24: 45.3
D25: 2 | E25: USA | F25: ROBERTS Gil | G25: 3 | H25: 44.79 | O25: BEL | P25: 46 | Q25: 44.1 | R25: 44.71 | S25: 43.67 | T25: 178.48
D26: 2 | E26: USA | F26: MERRITT Lashawn | G26: 4 | H26: 43.97 | O26: BOT | P26: 44.8 | Q26: 43.9 | R26: 44.94 | S26: 45.28 | T26: 178.92
D27: 2 | E27: JAM | F27: MATTHEWS Peter | G27: 1 | H27: 45.5 | O27: CUB | P27: 45.8 | Q27: 44.7 | R27: 45.33 | S27: 43.6 | T27: 179.43
D28: 2 | E28: JAM | F28: ALLEN Nathon | G28: 2 | H28: 44 | O28: POL | P28: 45.9 | Q28: 44.9 | R28: 44.94 | S28: 44.59 | T28: 180.33
D29: 2 | E29: JAM | F29: DUNKLEY Fitzroy | G29: 3 | H29: 44.82 | O29: BRA | P29: 45.5 | Q29: 45.4 | R29: 46.18 | S29: 46.1 | T29: 183.18
D30: 2 | E30: JAM | F30: FRANCIS Javon | G30: 4 | H30: 43.78 | O30: Grand Total | P30: 364.1 | Q30: 355.3 | R30: 359.5 | S30: 355.19 | T30: 1434.09
D31: 2 | E31: BAH | F31: RUSSELL Alonzo | G31: 1 | H31: 45.3
D32: 2 | E32: BAH | F32: MATHIEU Michael | G32: 2 | H32: 45.1
D33: 2 | E33: BAH | F33: GARDINER Steven | G33: 3 | H33: 43.79
D34: 2 | E34: BAH | F34: BROWN Chris | G34: 4 | H34: 44.2
D35: 2 | E35: BEL | F35: WATRIN Julien | G35: 1 | H35: 46
D36: 2 | E36: BEL | F36: BORLEE Jonathan | G36: 2 | H36: 44.1
D37: 2 | E37: BEL | F37: BORLEE Dylan | G37: 3 | H37: 44.71
D38: 2 | E38: BEL | F38: BORLEE Kevin | G38: 4 | H38: 43.67
D39: 2 | E39: BOT | F39: MAKWALA Isaac | G39: 1 | H39: 44.8
D40: 2 | E40: BOT | F40: SIBANDA Karabo | G40: 2 | H40: 43.9
D41: 2 | E41: BOT | F41: NKOBOLO Onkabetse | G41: 3 | H41: 44.94
D42: 2 | E42: BOT | F42: MAOTOANONG Gaone Leaname | G42: 4 | H42: 45.28
... D118: 1 | E118: IND | F118: RAJIV Arokia | G118: 4 | H118: 44.66

Sheet 01-02
M1: >> | N1: =Controls!$C$57 -> Vastausosio | AE1: <<
D2: =Controls!$C$88 -> Datanmurskausviesti - Osa 2 | M2: >> | N2: =Controls!$C$58 -> Kaikkien vastausten pitää olla näiden sarakkeiden välissä. Lisää väliin sarakkeita tai muuta niiden kokoa, jos tarvitset lisää tilaa. | AE2: <<
D3: =Controls!$C$89 -> Alla on taulukko urheilijoista, jotka osallistuivat 100 metrin pikajuoksuun.
D4: =Controls!$C$90 -> Taulukko 1 sisältää jokaisen urheilijan tulokset kilpailun kolmessa erässä.
D6: =Controls!$C$91 -> Käytä "Hae ja muunna" -toimintoa (Power Query) luodaksesi päivitettävän kyselyn.
D7: =Controls!$C$92 -> Kyselyn tulee luoda oikealla olevaan vastausosioon uusi taulukko, joka sisältää ainoastaan tietoa urheilijoista, jotka kilpailivat erässä kolme (3). | O7: Name | P7: Country | Q7: 1 | R7: 2 | S7: 3
D8: =Controls!$C$93 -> Listaa jokaisen urheilijan osalta yhdellä rivillä heidän nimi, maa ja JOKAISEN erän loppuaika. | O8: THOMPSON Elaine | P8: JAM | Q8: 11.21 | R8: 10.88 | S8: 10.71
D9: =Controls!$C$94 -> Kaiken tiedon taulukossasi tulee olla AIVAN SAMALLA tavalla kuin se on listattu annetuissa lähtötaulukoissa. | O9: BOWIE Tori | P9: USA | Q9: 11.13 | R9: 10.9 | S9: 10.83
D10: =Controls!$C$95 -> Urheilijoiden nimet tulee olla järjestetty erän kolme (3) tuloksen mukaan (nopein loppuaika ensin ja hitain loppuaika viimeisenä). | O10: FRASER-PRYCE Shelly-Ann | P10: JAM | Q10: 10.96 | R10: 10.88 | S10: 10.86
D11: =Controls!$C$96 -> Jos useammalla urheilijalla oli sama loppuaika erässä kolme (3), järjestä nämä urheilijat lisäksi erän kaksi (2) loppuaikojen mukaisessa järjestyksessä (nopein loppuaika ensin ja hitain loppuaika viimeisenä). | O11: TA LOU Marie-Josee | P11: CIV | Q11: 11.01 | R11: 10.94 | S11: 10.86
O12: SCHIPPERS Dafne | P12: NED | Q12: 11.16 | R12: 10.9 | S12: 10.9
D13: =Controls!$C$97&" "&Controls!$C$98 -> Tietolähde: https://smsprio2016-a.akamaihd.net/_sport/R/i/Rio_2016_Athletics_Results_Book_V1.0.pdf | O13: AHYE Michelle-Lee | P13: TTO | Q13: 11 | R13: 10.9 | S13: 10.92
O14: GARDNER English | P14: USA | Q14: 11.09 | R14: 10.9 | S14: 10.94
D15: =Controls!$C$99 -> Taulukko 1: Tulokset | O15: WILLIAMS Christania | P15: JAM | Q15: 11.27 | R15: 10.96 | S15: 11.8
D16: =Controls!$C$100 -> Erän numero | E16: =Controls!$C$101 -> Nimi | F16: =Controls!$C$102 -> Maa | G16: =Controls!$C$103 -> Loppuaika (s)
D17: Round Number | E17: Name | F17: Country | G17: Result Time (s)
D18: 3 | E18: THOMPSON Elaine | F18: JAM | G18: 10.71
D19: 3 | E19: BOWIE Tori | F19: USA | G19: 10.83
D20: 3 | E20: FRASER-PRYCE Shelly-Ann | F20: JAM | G20: 10.86
D21: 3 | E21: TA LOU Marie-Josee | F21: CIV | G21: 10.86
D22: 3 | E22: SCHIPPERS Dafne | F22: NED | G22: 10.9
D23: 3 | E23: AHYE Michelle-Lee | F23: TTO | G23: 10.92
D24: 3 | E24: GARDNER English | F24: USA | G24: 10.94
D25: 3 | E25: WILLIAMS Christania | F25: JAM | G25: 11.8
D26: 2 | E26: FRASER-PRYCE Shelly-Ann | F26: JAM | G26: 10.88
D27: 2 | E27: THOMPSON Elaine | F27: JAM | G27: 10.88
D28: 2 | E28: BOWIE Tori | F28: USA | G28: 10.9
D29: 2 | E29: GARDNER English | F29: USA | G29: 10.9
... D112: 1 | E112: ZULKIFLI Zaidatul Husniah | F112: MAS | G112: 12.62

Sheet 02
N1: >> | O1: =Controls!$C$57 -> Vastausosio | AF1: <<
D2: =Controls!$C$112 -> Rytminen kaaviovoimistelu | N2: >> | O2: =Controls!$C$58 -> Kaikkien vastausten pitää olla näiden sarakkeiden välissä. Lisää väliin sarakkeita tai muuta niiden kokoa, jos tarvitset lisää tilaa. | AF2: <<
D3: =Controls!$C$113 -> Alla oleva taulukko sisältää historiallista tietoa olympialaisista.
D4: =Controls!$C$114 -> Visualisoi tietoa oikealla olevaan vastausosioon niin, että se kaikkein havainnollisimmalla tavalla vertailee olympialaisten televisioinnin ja lipunmyynnin kasvua.
D5: =Controls!$C$115 -> Visualisointisi arvostellaan sen perusteella, kuinka hyvin se kuvaa annettua tietoa ja miten näyttävä se on.
D6: =Controls!$C$116 -> Muista tallentaa kaaviosi kuva ja ladata se myös Excel-yhteisön sivulle.
D7: =Controls!$C$117 -> Yksityiskohtaiset ohjeet kuvan julkaisemiseksi löydät tämän työkirjan taulukosta nimeltä "04". | P7: Katso esimerkkejä Johnnie Thomasin postauksesta:
D9: =Controls!$C$118&" "&Controls!$C$119 -> Tietolähde: https://stillmed.olympic.org/Documents/IOC_Marketing/olympic_marketing_fact_file_2016.pdf | P9: https://techcommunity.microsoft.com/t5/Excel-Blog/ExcelWorldChamp-Round-2-Answers/ba-p/55290
G11: (US$ 000,000s) | H11: (000,000s) | I11: (000,000s) | J11: (US$ 000,000s)
D12: =Controls!$C$120 -> Vuosi | E12: =Controls!$C$121 -> Sijainti | F12: =Controls!$C$122 -> Televisiointi tunteina | G12: =Controls!$C$123 -> Televisioinnin tulot | H12: =Controls!$C$124 -> Saatavilla olevat liput | I12: =Controls!$C$125 -> Myydyt liput | J12: =Controls!$C$126 -> Lipputulot
D13: Year | E13: Location | F13: Broadcast Hours | G13: Broadcast Revenue | H13: Tickets Available | I13: Tickets Sold | J13: Ticket Revenue
D14: 1960 | E14: Rome | G14: 1200000
D15: 1964 | E15: Tokyo | G15: 1600000
D16: 1968 | E16: Mexico City | G16: 9800000
D17: 1972 | E17: Munich | G17: 17800000
D18: 1976 | E18: Montreal | G18: 34900000
D19: 1980 | E19: Moscow | G19: 88000000 | H19: 6900000 | I19: 5700000 | J19: 156
D20: 1984 | E20: Los Angeles | G20: 286900000 | H20: 4400000 | I20: 3300000 | J20: 36
D21: 1988 | E21: Seoul | F21: 2572 | G21: 402600000 | H21: 3900000 | I21: 3021000 | J21: 79
D22: 1992 | E22: Barcelona | F22: 2800 | G22: 636100000 | H22: 11000000 | I22: 8318000 | J22: 425
D23: 1996 | E23: Atlanta | F23: 3000 | G23: 898300000 | H23: 7600000 | I23: 6700000 | J23: 551
D24: 2000 | E24: Sydney | F24: 3500 | G24: 1331600000 | H24: 5300000 | I24: 3800000 | J24: 228
D25: 2004 | E25: Athens | F25: 3800 | G25: 1494000000 | H25: 6800000 | I25: 6500000 | J25: 185
D26: 2008 | E26: Beijing | F26: 5000 | G26: 1739000000 | H26: 8500000 | I26: 8200000 | J26: 988

Sheet 03
O1: >> | P1: =Controls!$C$59 -> Työtila | AG1: <<
D2: =Controls!$C$131 -> Kaavapaini | O2: >> | P2: =Controls!$C$60 -> Käytä tätä tilaa mahdollisiin lisälaskelmiin. Lisää väliin sarakkeita tai muuta niiden kokoa, jos tarvitset lisää tilaa. | AG2: <<
D3: =Controls!$C$132 -> Vastaa seuraavaiin kysymyksiin käyttämällä alla olevaa tietoa.
D4: =Controls!$C$133 -> Käytä kaavoja, joissa vastauksesi päivittyvät automaattisesti mikäli tiedot muuttuvat.
D5: =Controls!$C$134 -> Voit käyttää oikealla olevaa Työtilaa mahdollisiin vastaustasi tukeviin laskelmiin.
D6: =Controls!$C$135 -> Vastaustesi kaavat voivat viitata Työtilan laskelmiin.
D7: =Controls!$C$136 -> Vastauksesi arvostellaan sen mukaan, kuinka täsmällisesti ne vastaavat annettuihin kysymyksiin vaikka tiedot muuttuisivat.
D8: =Controls!$C$137 -> Saat enemmän pisteitä käyttämällä vähemmän funktioita ja matemaattisia operaattoreita työkirjassasi, joten ole mahdollisimman luova vastatessasi!
D10: =Controls!$C$138 -> Taulukko 1 näyttää jokaisen voimistelijan viideltä (5) tuomarilta saamat pisteet
D11: =Controls!$C$139 -> Voimistelijan lopullinen pistemäärä on keskiarvo tuomareiden antamista pisteistä, joista on ensin pudotettu pois korkein ja matalin tuomareiden antama pistemäärä.
D12: =Controls!$C$140 -> Taulukko 2 kertoo jokaisen voimistelijan edustaman maan
D13: =Controls!$C$141 -> Taulukko 3 kertoo jokaisen tuomarin edustaman maan
Q14: "Tehokas" vastaus
D15: =Controls!$C$144 -> Kysymykset | L15: =Controls!$C$145 -> Vastaus | Q15: (Kompakti kaava) | S15: << Muista painaa CTRL + SHIFT + ENTER kun teet matriisikaavoja. Jos painat vain ENTER, kaava muodostuu tavallisena kaavana.
D16: 1 | E16: =Controls!$C$146 -> Kenellä voimistelijoista on kolmanneksi (3.) korkein pistemäärä? (Anna vastauksena ainoastaan urheilijan numero) | L16: =INDEX($R$26:$R$33, MATCH(LARGE($T$26:$T$33,3),$T$26:$T$33,0)) -> 8173 | Q16: {=INDEX(E26:E33,RIGHT(LARGE(MMULT(SUBTOTAL({9,4,5},OFFSET(F25,ROW(1:8),,,5)),{1;-1;-1})*10000+ROW(1:8),3)))} -> 8173
D17: 2 | E17: =Controls!$C$147 -> Mikä on neljänneksi (4.) parhaan voimistelijan edustama maa ja numero? (Anna tulos muodossa Maa-Urheilijan numero) | L17: =INDEX($Q$26:$Q$33, MATCH(LARGE($T$26:$T$33,4),$T$26:$T$33,0)) & "-" & INDEX($R$26:$R$33, MATCH(LARGE($T$26:$T$33,4),$T$26:$T$33,0)) -> ITA-3150 | Q17: =LOOKUP(1,0/(R17=F38:F45),E38:E45)&-R17 -> ITA-3150 | R17: {=INDEX(E26:E33,RIGHT(LARGE(MMULT(SUBTOTAL({9,4,5},OFFSET(F25,ROW(1:8),,,5)),{1;-1;-1})*10000+ROW(1:8),4)))} -> 3150
D18: 3 | E18: =Controls!$C$148 -> Kuka tuomareista antoi matalimpia pisteitä voimistelijoille? (Anna vastauksena ainoastaan tuomarin numero) | L18: ="J" & MATCH(MIN($W$26:$AA$26),$W$26:$AA$26,0) -> J4 | Q18: {="J"&MATCH(1,FREQUENCY(0,SUBTOTAL(1,OFFSET(E26,,{1,2,3,4,5},8))),0)} -> J4
D19: 4 | E19: =Controls!$C$149 -> Minkä tuomarin antamat pisteet hylättiin useimmin? (Anna vastauksena ainoastaan tuomarin numero) | L19: ="J" & MATCH(MAX($AD$34:$AH$34),$AD$34:$AH$34,0) -> J2 | Q19: {="J"&MODE(--RIGHT(LARGE(ROW(1:8)*1000000+F26:J33*10000+{1,2,3,4,5},{41,45}-ROW(1:8)*5)))} -> J2
D20: 5 | E20: =Controls!$C$150 -> Niissä tapauksissa, joissa urheilijalla ja tuomarilla oli sama maa, kuinka monta kertaa tuomarin antamat pisteet putosivat pois arvostelusta? | L20: =SUM(AP26:AT33) -> 4 | Q20: {=SUM(N(INDEX(E50:E54,T(IF(1,RIGHT(LARGE(ROW(1:8)*1000000+F26:J33*10000+{1,2,3,4,5},{41,45}-ROW(1:8)*5)))))=E38:E45))} -> 4
D23: =Controls!$C$151 -> Taulukko 1 | AJ23: Country Match | AP23: Country Match and Judge Score Thrown Out
E24: =Controls!$C$152 -> Urheilijan numero | F24: =Controls!$C$153 -> Tuomarin numero | W24: Averages | AD24: Judges Excluded | AJ24: =INDEX(T03_01_03[Country],MATCH(AJ25,T03_01_03[Judge '#],0)) -> ITA | AK24: =INDEX(T03_01_03[Country],MATCH(AK25,T03_01_03[Judge '#],0)) -> BRA | AL24: =INDEX(T03_01_03[Country],MATCH(AL25,T03_01_03[Judge '#],0)) -> JPN | AM24: =INDEX(T03_01_03[Country],MATCH(AM25,T03_01_03[Judge '#],0)) -> BRA | AN24: =INDEX(T03_01_03[Country],MATCH(AN25,T03_01_03[Judge '#],0)) -> USA
E25: Athlete Number | F25: J1 | G25: J2 | H25: J3 | I25: J4 | J25: J5 | Q25: Country | R25: =T03_01_01[[#Headers],[Athlete Number]] -> Athlete Number | S25: SUM - Max - Min | T25: Score | U25: Rank | W25: =T03_01_01[[#Headers],[J1]] -> J1 | X25: =T03_01_01[[#Headers],[J2]] -> J2 | Y25: =T03_01_01[[#Headers],[J3]] -> J3 | Z25: =T03_01_01[[#Headers],[J4]] -> J4 | AA25: =T03_01_01[[#Headers],[J5]] -> J5 | AD25: =T03_01_01[[#Headers],[J1]] -> J1 | AE25: =T03_01_01[[#Headers],[J2]] -> J2 | AF25: =T03_01_01[[#Headers],[J3]] -> J3 | AG25: =T03_01_01[[#Headers],[J4]] -> J4 | AH25: =T03_01_01[[#Headers],[J5]] -> J5 | AJ25: =T03_01_01[[#Headers],[J1]] -> J1 | AK25: =T03_01_01[[#Headers],[J2]] -> J2 | AL25: =T03_01_01[[#Headers],[J3]] -> J3 | AM25: =T03_01_01[[#Headers],[J4]] -> J4 | AN25: =T03_01_01[[#Headers],[J5]] -> J5 | AP25: =T03_01_01[[#Headers],[J1]] -> J1 | AQ25: =T03_01_01[[#Headers],[J2]] -> J2 | AR25: =T03_01_01[[#Headers],[J3]] -> J3 | AS25: =T03_01_01[[#Headers],[J4]] -> J4 | AT25: =T03_01_01[[#Headers],[J5]] -> J5
E26: 3150 | F26: 8.973 | G26: 9.823 | H26: 8.54 | I26: 8.09 | J26: 8.867 | Q26: =INDEX(T03_01_02[Country],MATCH(R26,T03_01_02[Athlete Number],0)) -> ITA | R26: =T03_01_01[[#This Row],[Athlete Number]] -> 3150 | S26: =(SUM(T03_01_01[[#This Row],[J1]:[J5]])-MAX(T03_01_01[[#This Row],[J1]:[J5]])-MIN(T03_01_01[[#This Row],[J1]:[J5]])) -> 26.38 | T26: =(SUM(T03_01_01[[#This Row],[J1]:[J5]])-MAX(T03_01_01[[#This Row],[J1]:[J5]])-MIN(T03_01_01[[#This Row],[J1]:[J5]]))/(COUNT(T03_01_01[[#This Row],[J1]:[J5]])-2) -> 8.7933333 | U26: =_xlfn.RANK.AVG(T26,$T$26:$T$33) -> 4 | W26: =AVERAGE(T03_01_01[J1]) -> 8.674625 | X26: =AVERAGE(T03_01_01[J2]) -> 9.1285 | Y26: =AVERAGE(T03_01_01[J3]) -> 8.834125 | Z26: =AVERAGE(T03_01_01[J4]) -> 8.663875 | AA26: =AVERAGE(T03_01_01[J5]) -> 8.825375 | AD26: =IF(OR(F26=MAX(T03_01_01[[#This Row],[J1]:[J5]]),F26=MIN(T03_01_01[[#This Row],[J1]:[J5]])),1,0) -> 0 | AE26: =IF(OR(G26=MAX(T03_01_01[[#This Row],[J1]:[J5]]),G26=MIN(T03_01_01[[#This Row],[J1]:[J5]])),1,0) -> 1 | AF26: =IF(OR(H26=MAX(T03_01_01[[#This Row],[J1]:[J5]]),H26=MIN(T03_01_01[[#This Row],[J1]:[J5]])),1,0) -> 0 | AG26: =IF(OR(I26=MAX(T03_01_01[[#This Row],[J1]:[J5]]),I26=MIN(T03_01_01[[#This Row],[J1]:[J5]])),1,0) -> 1 | AH26: =IF(OR(J26=MAX(T03_01_01[[#This Row],[J1]:[J5]]),J26=MIN(T03_01_01[[#This Row],[J1]:[J5]])),1,0) -> 0 | AJ26: =IF($Q26=AJ$24,1,0) -> 1 | AK26: =IF($Q26=AK$24,1,0) -> 0 | AL26: =IF($Q26=AL$24,1,0) -> 0 | AM26: =IF($Q26=AM$24,1,0) -> 0 | AN26: =IF($Q26=AN$24,1,0) -> 0 | AP26: =AD26*AJ26 -> 0 | AQ26: =AE26*AK26 -> 0 | AR26: =AF26*AL26 -> 0 | AS26: =AG26*AM26 -> 0 | AT26: =AH26*AN26 -> 0
E27: 9307 | F27: 8.37 | G27: 9.365 | H27: 9.08 | I27: 8.644 | J27: 8.89 | Q27: =INDEX(T03_01_02[Country],MATCH(R27,T03_01_02[Athlete Number],0)) -> CHN | R27: =T03_01_01[[#This Row],[Athlete Number]] -> 9307 | S27: =(SUM(T03_01_01[[#This Row],[J1]:[J5]])-MAX(T03_01_01[[#This Row],[J1]:[J5]])-MIN(T03_01_01[[#This Row],[J1]:[J5]])) -> 26.614 | T27: =(SUM(T03_01_01[[#This Row],[J1]:[J5]])-MAX(T03_01_01[[#This Row],[J1]:[J5]])-MIN(T03_01_01[[#This Row],[J1]:[J5]]))/(COUNT(T03_01_01[[#This Row],[J1]:[J5]])-2) -> 8.8713333 | U27: =_xlfn.RANK.AVG(T27,$T$26:$T$33) -> 2 | AD27: =IF(OR(F27=MAX(T03_01_01[[#This Row],[J1]:[J5]]),F27=MIN(T03_01_01[[#This Row],[J1]:[J5]])),1,0) -> 1 | AE27: =IF(OR(G27=MAX(T03_01_01[[#This Row],[J1]:[J5]]),G27=MIN(T03_01_01[[#This Row],[J1]:[J5]])),1,0) -> 1 | AF27: =IF(OR(H27=MAX(T03_01_01[[#This Row],[J1]:[J5]]),H27=MIN(T03_01_01[[#This Row],[J1]:[J5]])),1,0) -> 0 | AG27: =IF(OR(I27=MAX(T03_01_01[[#This Row],[J1]:[J5]]),I27=MIN(T03_01_01[[#This Row],[J1]:[J5]])),1,0) -> 0 | AH27: =IF(OR(J27=MAX(T03_01_01[[#This Row],[J1]:[J5]]),J27=MIN(T03_01_01[[#This Row],[J1]:[J5]])),1,0) -> 0 | AJ27: =IF($Q27=AJ$24,1,0) -> 0 | AK27: =IF($Q27=AK$24,1,0) -> 0 | AL27: =IF($Q27=AL$24,1,0) -> 0 | AM27: =IF($Q27=AM$24,1,0) -> 0 | AN27: =IF($Q27=AN$24,1,0) -> 0 | AP27: =AD27*AJ27 -> 0 | AQ27: =AE27*AK27 -> 0 | AR27: =AF27*AL27 -> 0 | AS27: =AG27*AM27 -> 0 | AT27: =AH27*AN27 -> 0
E28: 6805 | F28: 9.218 | G28: 9.097 | H28: 9.628 | I28: 8.513 | J28: 9.317 | Q28: =INDEX(T03_01_02[Country],MATCH(R28,T03_01_02[Athlete Number],0)) -> JPN | R28: =T03_01_01[[#This Row],[Athlete Number]] -> 6805 | S28: =(SUM(T03_01_01[[#This Row],[J1]:[J5]])-MAX(T03_01_01[[#This Row],[J1]:[J5]])-MIN(T03_01_01[[#This Row],[J1]:[J5]])) -> 27.632 | T28: =(SUM(T03_01_01[[#This Row],[J1]:[J5]])-MAX(T03_01_01[[#This Row],[J1]:[J5]])-MIN(T03_01_01[[#This Row],[J1]:[J5]]))/(COUNT(T03_01_01[[#This Row],[J1]:[J5]])-2) -> 9.2106667 | U28: =_xlfn.RANK.AVG(T28,$T$26:$T$33) -> 1 | AD28: =IF(OR(F28=MAX(T03_01_01[[#This Row],[J1]:[J5]]),F28=MIN(T03_01_01[[#This Row],[J1]:[J5]])),1,0) -> 0 | AE28: =IF(OR(G28=MAX(T03_01_01[[#This Row],[J1]:[J5]]),G28=MIN(T03_01_01[[#This Row],[J1]:[J5]])),1,0) -> 0 | AF28: =IF(OR(H28=MAX(T03_01_01[[#This Row],[J1]:[J5]]),H28=MIN(T03_01_01[[#This Row],[J1]:[J5]])),1,0) -> 1 | AG28: =IF(OR(I28=MAX(T03_01_01[[#This Row],[J1]:[J5]]),I28=MIN(T03_01_01[[#This Row],[J1]:[J5]])),1,0) -> 1 | AH28: =IF(OR(J28=MAX(T03_01_01[[#This Row],[J1]:[J5]]),J28=MIN(T03_01_01[[#This Row],[J1]:[J5]])),1,0) -> 0 | AJ28: =IF($Q28=AJ$24,1,0) -> 0 | AK28: =IF($Q28=AK$24,1,0) -> 0 | AL28: =IF($Q28=AL$24,1,0) -> 1 | AM28: =IF($Q28=AM$24,1,0) -> 0 | AN28: =IF($Q28=AN$24,1,0) -> 0 | AP28: =AD28*AJ28 -> 0 | AQ28: =AE28*AK28 -> 0 | AR28: =AF28*AL28 -> 1 | AS28: =AG28*AM28 -> 0 | AT28: =AH28*AN28 -> 0
E29: 8790 | F29: 8.386 | G29: 8.264 | H29: 9.09 | I29: 8.631 | J29: 8.216 | Q29: =INDEX(T03_01_02[Country],MATCH(R29,T03_01_02[Athlete Number],0)) -> USA | R29: =T03_01_01[[#This Row],[Athlete Number]] -> 8790 | S29: =(SUM(T03_01_01[[#This Row],[J1]:[J5]])-MAX(T03_01_01[[#This Row],[J1]:[J5]])-MIN(T03_01_01[[#This Row],[J1]:[J5]])) -> 25.281 | T29: =(SUM(T03_01_01[[#This Row],[J1]:[J5]])-MAX(T03_01_01[[#This Row],[J1]:[J5]])-MIN(T03_01_01[[#This Row],[J1]:[J5]]))/(COUNT(T03_01_01[[#This Row],[J1]:[J5]])-2) -> 8.427 | U29: =_xlfn.RANK.AVG(T29,$T$26:$T$33) -> 8 | AD29: =IF(OR(F29=MAX(T03_01_01[[#This Row],[J1]:[J5]]),F29=MIN(T03_01_01[[#This Row],[J1]:[J5]])),1,0) -> 0 | AE29: =IF(OR(G29=MAX(T03_01_01[[#This Row],[J1]:[J5]]),G29=MIN(T03_01_01[[#This Row],[J1]:[J5]])),1,0) -> 0 | AF29: =IF(OR(H29=MAX(T03_01_01[[#This Row],[J1]:[J5]]),H29=MIN(T03_01_01[[#This Row],[J1]:[J5]])),1,0) -> 1 | AG29: =IF(OR(I29=MAX(T03_01_01[[#This Row],[J1]:[J5]]),I29=MIN(T03_01_01[[#This Row],[J1]:[J5]])),1,0) -> 0 | AH29: =IF(OR(J29=MAX(T03_01_01[[#This Row],[J1]:[J5]]),J29=MIN(T03_01_01[[#This Row],[J1]:[J5]])),1,0) -> 1 | AJ29: =IF($Q29=AJ$24,1,0) -> 0 | AK29: =IF($Q29=AK$24,1,0) -> 0 | AL29: =IF($Q29=AL$24,1,0) -> 0 | AM29: =IF($Q29=AM$24,1,0) -> 0 | AN29: =IF($Q29=AN$24,1,0) -> 1 | AP29: =AD29*AJ29 -> 0 | AQ29: =AE29*AK29 -> 0 | AR29: =AF29*AL29 -> 0 | AS29: =AG29*AM29 -> 0 | AT29: =AH29*AN29 -> 1
E30: 7255 | F30: 8.502 | G30: 8.739 | H30: 8.62 | I30: 9.016 | J30: 9.749 | Q30: =INDEX(T03_01_02[Country],MATCH(R30,T03_01_02[Athlete Number],0)) -> SUI | R30: =T03_01_01[[#This Row],[Athlete Number]] -> 7255 | S30: =(SUM(T03_01_01[[#This Row],[J1]:[J5]])-MAX(T03_01_01[[#This Row],[J1]:[J5]])-MIN(T03_01_01[[#This Row],[J1]:[J5]])) -> 26.375 | T30: =(SUM(T03_01_01[[#This Row],[J1]:[J5]])-MAX(T03_01_01[[#This Row],[J1]:[J5]])-MIN(T03_01_01[[#This Row],[J1]:[J5]]))/(COUNT(T03_01_01[[#This Row],[J1]:[J5]])-2) -> 8.7916667 | U30: =_xlfn.RANK.AVG(T30,$T$26:$T$33) -> 5 | AD30: =IF(OR(F30=MAX(T03_01_01[[#This Row],[J1]:[J5]]),F30=MIN(T03_01_01[[#This Row],[J1]:[J5]])),1,0) -> 1 | AE30: =IF(OR(G30=MAX(T03_01_01[[#This Row],[J1]:[J5]]),G30=MIN(T03_01_01[[#This Row],[J1]:[J5]])),1,0) -> 0 | AF30: =IF(OR(H30=MAX(T03_01_01[[#This Row],[J1]:[J5]]),H30=MIN(T03_01_01[[#This Row],[J1]:[J5]])),1,0) -> 0 | AG30: =IF(OR(I30=MAX(T03_01_01[[#This Row],[J1]:[J5]]),I30=MIN(T03_01_01[[#This Row],[J1]:[J5]])),1,0) -> 0 | AH30: =IF(OR(J30=MAX(T03_01_01[[#This Row],[J1]:[J5]]),J30=MIN(T03_01_01[[#This Row],[J1]:[J5]])),1,0) -> 1 | AJ30: =IF($Q30=AJ$24,1,0) -> 0 | AK30: =IF($Q30=AK$24,1,0) -> 0 | AL30: =IF($Q30=AL$24,1,0) -> 0 | AM30: =IF($Q30=AM$24,1,0) -> 0 | AN30: =IF($Q30=AN$24,1,0) -> 0 | AP30: =AD30*AJ30 -> 0 | AQ30: =AE30*AK30 -> 0 | AR30: =AF30*AL30 -> 0 | AS30: =AG30*AM30 -> 0 | AT30: =AH30*AN30 -> 0
E31: 8173 | F31: 8.509 | G31: 9.94 | H31: 8.402 | I31: 9.659 | J31: 8.151 | Q31: =INDEX(T03_01_02[Country],MATCH(R31,T03_01_02[Athlete Number],0)) -> GBR | R31: =T03_01_01[[#This Row],[Athlete Number]] -> 8173 | S31: =(SUM(T03_01_01[[#This Row],[J1]:[J5]])-MAX(T03_01_01[[#This Row],[J1]:[J5]])-MIN(T03_01_01[[#This Row],[J1]:[J5]])) -> 26.57 | T31: =(SUM(T03_01_01[[#This Row],[J1]:[J5]])-MAX(T03_01_01[[#This Row],[J1]:[J5]])-MIN(T03_01_01[[#This Row],[J1]:[J5]]))/(COUNT(T03_01_01[[#This Row],[J1]:[J5]])-2) -> 8.8566667 | U31: =_xlfn.RANK.AVG(T31,$T$26:$T$33) -> 3 | AD31: =IF(OR(F31=MAX(T03_01_01[[#This Row],[J1]:[J5]]),F31=MIN(T03_01_01[[#This Row],[J1]:[J5]])),1,0) -> 0 | AE31: =IF(OR(G31=MAX(T03_01_01[[#This Row],[J1]:[J5]]),G31=MIN(T03_01_01[[#This Row],[J1]:[J5]])),1,0) -> 1 | AF31: =IF(OR(H31=MAX(T03_01_01[[#This Row],[J1]:[J5]]),H31=MIN(T03_01_01[[#This Row],[J1]:[J5]])),1,0) -> 0 | AG31: =IF(OR(I31=MAX(T03_01_01[[#This Row],[J1]:[J5]]),I31=MIN(T03_01_01[[#This Row],[J1]:[J5]])),1,0) -> 0 | AH31: =IF(OR(J31=MAX(T03_01_01[[#This Row],[J1]:[J5]]),J31=MIN(T03_01_01[[#This Row],[J1]:[J5]])),1,0) -> 1 | AJ31: =IF($Q31=AJ$24,1,0) -> 0 | AK31: =IF($Q31=AK$24,1,0) -> 0 | AL31: =IF($Q31=AL$24,1,0) -> 0 | AM31: =IF($Q31=AM$24,1,0) -> 0 | AN31: =IF($Q31=AN$24,1,0) -> 0 | AP31: =AD31*AJ31 -> 0 | AQ31: =AE31*AK31 -> 0 | AR31: =AF31*AL31 -> 0 | AS31: =AG31*AM31 -> 0 | AT31: =AH31*AN31 -> 0
E32: 2369 | F32: 8.279 | G32: 9.531 | H32: 8.757 | I32: 8.278 | J32: 9.049 | Q32: =INDEX(T03_01_02[Country],MATCH(R32,T03_01_02[Athlete Number],0)) -> BRA | R32: =T03_01_01[[#This Row],[Athlete Number]] -> 2369 | S32: =(SUM(T03_01_01[[#This Row],[J1]:[J5]])-MAX(T03_01_01[[#This Row],[J1]:[J5]])-MIN(T03_01_01[[#This Row],[J1]:[J5]])) -> 26.085 | T32: =(SUM(T03_01_01[[#This Row],[J1]:[J5]])-MAX(T03_01_01[[#This Row],[J1]:[J5]])-MIN(T03_01_01[[#This Row],[J1]:[J5]]))/(COUNT(T03_01_01[[#This Row],[J1]:[J5]])-2) -> 8.695 | U32: =_xlfn.RANK.AVG(T32,$T$26:$T$33) -> 6 | AD32: =IF(OR(F32=MAX(T03_01_01[[#This Row],[J1]:[J5]]),F32=MIN(T03_01_01[[#This Row],[J1]:[J5]])),1,0) -> 0 | AE32: =IF(OR(G32=MAX(T03_01_01[[#This Row],[J1]:[J5]]),G32=MIN(T03_01_01[[#This Row],[J1]:[J5]])),1,0) -> 1 | AF32: =IF(OR(H32=MAX(T03_01_01[[#This Row],[J1]:[J5]]),H32=MIN(T03_01_01[[#This Row],[J1]:[J5]])),1,0) -> 0 | AG32: =IF(OR(I32=MAX(T03_01_01[[#This Row],[J1]:[J5]]),I32=MIN(T03_01_01[[#This Row],[J1]:[J5]])),1,0) -> 1 | AH32: =IF(OR(J32=MAX(T03_01_01[[#This Row],[J1]:[J5]]),J32=MIN(T03_01_01[[#This Row],[J1]:[J5]])),1,0) -> 0 | AJ32: =IF($Q32=AJ$24,1,0) -> 0 | AK32: =IF($Q32=AK$24,1,0) -> 1 | AL32: =IF($Q32=AL$24,1,0) -> 0 | AM32: =IF($Q32=AM$24,1,0) -> 1 | AN32: =IF($Q32=AN$24,1,0) -> 0 | AP32: =AD32*AJ32 -> 0 | AQ32: =AE32*AK32 -> 1 | AR32: =AF32*AL32 -> 0 | AS32: =AG32*AM32 -> 1 | AT32: =AH32*AN32 -> 0
E33: 5672 | F33: 9.16 | G33: 8.269 | H33: 8.556 | I33: 8.48 | J33: 8.364 | Q33: =INDEX(T03_01_02[Country],MATCH(R33,T03_01_02[Athlete Number],0)) -> HUN | R33: =T03_01_01[[#This Row],[Athlete Number]] -> 5672 | S33: =(SUM(T03_01_01[[#This Row],[J1]:[J5]])-MAX(T03_01_01[[#This Row],[J1]:[J5]])-MIN(T03_01_01[[#This Row],[J1]:[J5]])) -> 25.4 | T33: =(SUM(T03_01_01[[#This Row],[J1]:[J5]])-MAX(T03_01_01[[#This Row],[J1]:[J5]])-MIN(T03_01_01[[#This Row],[J1]:[J5]]))/(COUNT(T03_01_01[[#This Row],[J1]:[J5]])-2) -> 8.4666667 | U33: =_xlfn.RANK.AVG(T33,$T$26:$T$33) -> 7 | AD33: =IF(OR(F33=MAX(T03_01_01[[#This Row],[J1]:[J5]]),F33=MIN(T03_01_01[[#This Row],[J1]:[J5]])),1,0) -> 1 | AE33: =IF(OR(G33=MAX(T03_01_01[[#This Row],[J1]:[J5]]),G33=MIN(T03_01_01[[#This Row],[J1]:[J5]])),1,0) -> 1 | AF33: =IF(OR(H33=MAX(T03_01_01[[#This Row],[J1]:[J5]]),H33=MIN(T03_01_01[[#This Row],[J1]:[J5]])),1,0) -> 0 | AG33: =IF(OR(I33=MAX(T03_01_01[[#This Row],[J1]:[J5]]),I33=MIN(T03_01_01[[#This Row],[J1]:[J5]])),1,0) -> 0 | AH33: =IF(OR(J33=MAX(T03_01_01[[#This Row],[J1]:[J5]]),J33=MIN(T03_01_01[[#This Row],[J1]:[J5]])),1,0) -> 0 | AJ33: =IF($Q33=AJ$24,1,0) -> 0 | AK33: =IF($Q33=AK$24,1,0) -> 0 | AL33: =IF($Q33=AL$24,1,0) -> 0 | AM33: =IF($Q33=AM$24,1,0) -> 0 | AN33: =IF($Q33=AN$24,1,0) -> 0 | AP33: =AD33*AJ33 -> 0 | AQ33: =AE33*AK33 -> 0 | AR33: =AF33*AL33 -> 0 | AS33: =AG33*AM33 -> 0 | AT33: =AH33*AN33 -> 0
AC34: Total Exclusions | AD34: =SUM(AD26:AD33) -> 3 | AE34: =SUM(AE26:AE33) -> 5 | AF34: =SUM(AF26:AF33) -> 2 | AG34: =SUM(AG26:AG33) -> 3 | AH34: =SUM(AH26:AH33) -> 3
D35: =Controls!$C$154 -> Taulukko 2
E36: =Controls!$C$155 -> Maa | F36: =Controls!$C$156 -> Urheilijan numero
E37: Country | F37: Athlete Number
E38: ITA | F38: 3150
E39: CHN | F39: 9307
E40: JPN | F40: 6805
E41: USA | F41: 8790
E42: SUI | F42: 7255
E43: GBR | F43: 8173
E44: BRA | F44: 2369
E45: HUN | F45: 5672
D47: =Controls!$C$157 -> Taulukko 3
E48: =Controls!$C$158 -> Maa | F48: =Controls!$C$159 -> Tuomarin numero
E49: Country | F49: Judge #
E50: ITA | F50: J1
E51: BRA | F51: J2
E52: JPN | F52: J3
E53: BRA | F53: J4
E54: USA | F54: J5

Sheet 04
C1: `
B2: =CompName -> #ExcelChampFI | E2: =Controls!$C$162 -> Valmista tuli! Nyt lähetä kisavastauksesi arvosteltavaksi.
E3: 1 | F3: =Controls!$C$163 -> Tallenna tämä valmis työkirja ".xlsx"-tyyppiseksi Excel-tiedostoksi.
E4: 2 | F4: =HYPERLINK(CompEmailURL,SUBSTITUTE(Controls!$C$164,"<CompEmail>",CompEmail)) -> Lähetä se sähköpostin liitteenä osoitteeseen ExcelChampFI@service.microsoft.com
F5: =Controls!$C$165 -> Huomaa! Varmista, että lähetät sähköpostin varmasti samasta osoitteesta, josta kirjaudut Excel-yhteisösivustolle ja jota olet käyttänyt mm. tykkäämiseen yhteisösivustolla.
E6: 3 | F6: =HYPERLINK(CompURL,SUBSTITUTE(Controls!$C$166,"<CompURL>",CompURL)) -> Julkaise Rytmisen kaavavoimistelun vastauksesi kuva sivulla http://aka.ms/ExcelChampFI
F7: =Controls!$C$167 -> Jokainen vastausajan sisällä saamasi tykkäys ("Like") yhteisösivustolla tuo sinulle lisäpisteitä lajin 2 ohjeiden mukaisesti. Katso alla olevat tarkemmat ohjeet julkaisemisesta.
E8: 4 | F8: =Controls!$C$168 -> Kiitos osallistumisestasi Excelin SM-kisoihin!
F9: =HYPERLINK(CompURL,SUBSTITUTE(Controls!$C$169,"<CompURL>",CompURL)) -> Käy tarkastamassa osoitteesta http://aka.ms/ExcelChampFI kisapäivitykset.
E11: =Controls!$C$170 -> Miten kuva julkaistaan Excel-yhteisösivulle
E12: 1 | F12: =HYPERLINK(CompURL,SUBSTITUTE(Controls!$C$171,"<CompURL>",CompURL)) -> Mene osoitteeseen http://aka.ms/ExcelChampFI (varmista, että ole kirjautuneena sisään)
E13: 2 | F13: =Controls!$C$172 -> Etsi viesti, josta latasit tämän tehtävätyökirjan.
E14: 3 | F14: =Controls!$C$173 -> Klikkaa "Reply"-painiketta
E20: 4 | F20: =Controls!$C$174 -> Klikkaa "Photos"-painiketta (kameraikoni)
E46: 5 | F46: =Controls!$C$175 -> Klikkaa "Choose Files"-painiketta.
E68: 6 | F68: =Controls!$C$176 -> Selaimeen avautuu ikkuna jossa voit valita kuvatiedoston, jonka haluat julkaista.
E69: 7 | F69: =Controls!$C$177 -> Kun kuvatiedosto on ladattu palveluun klikkaa "Done"-painiketta oikeassa alakulmassa.
E91: 8 | F91: =Controls!$C$178 -> Klikkaa "Post"-painiketta oikeassa alakulmassa julkaistaksesi kuvan.
E115: 9 | F115: =Controls!$C$179 -> Siinä kaikki! Kuvasi on nyt julkaistu yhteisöpalveluun.
